 Dungeon Crawl Stone Soup version 0.28-a0-479-g5baa6b73be (webtiles) character file.

Game seed: 12932099985106302816

6317 timneilson the Protected (level 10, 0/61 HPs)
             Began as a Gargoyle Fighter on Sept 18, 2021.
             Was an Elder of Okawaru.
             Slain by a seven-headed hydra (11 damage)
             ... on level 9 of the Dungeon.
             The game lasted 00:13:29 (8992 turns).

timneilson the Protected (Gargoyle Fighter)         Turns: 8992, Time: 00:13:30

Health: 0/61       AC: 23    Str: 29    XL:     10   Next: 95%
Magic:  11/13      EV: 15    Int:  9    God:    Okawaru [****..]
Gold:   425        SH: 10    Dex:  9    Spells: 9/9 levels left

rFire   + . .      SeeInvis .   b - +2 short sword (flame)
rCold   + . .      Faith    .   c - +3 warlock's mirror {reflect}
rNeg    + . .      Spirit   .   A - +2 chain mail {Will+}
rPois   ∞          Reflect  +   (no helmet)
rElec   +          Harm     .   j - scarf {rC+ rF+}
rCorr   .          Rampage  .   m - +0 pair of gloves
Will    +....                   (no boots)
Stlth   ..........              (no amulet)
HPRegen 0.20/turn               f - +4 ring of evasion
MPRegen 0.13/turn               p - +6 ring of strength

@: heroic
A: sickness immunity, AC +7, negative energy resistance 1, electricity
resistance, torment resistance 1, petrification resistance
a: Renounce Religion, Heroism, Finesse


You were on level 9 of the Dungeon.
You worshipped Okawaru.
Okawaru was greatly pleased with you.
You visited 2 branches of the dungeon, and saw 10 of its levels.

You collected 425 gold pieces.

Inventory:

Hand Weapons
 a - a +0 long sword
 b - a +2 short sword of flaming (weapon)
 e - a +4 demon blade of electrocution
Armour
 c - the +3 warlock's mirror (worn) {reflect}
   (You acquired it on level 5 of the Dungeon)

   It can block and reflect piercing ranged attacks and magical attacks against
   the wielder's willpower.
 j - a scarf of resistance (worn)
 k - a +0 plate armour
 m - a +0 pair of gloves (worn)
 A - a +2 chain mail of willpower (worn)
Jewellery
 f - a +4 ring of evasion (left hand)
 p - a +6 ring of strength (right hand)
 q - a ring of protection from cold
 w - a ring of flight
Wands
 C - a wand of flame (18)
Scrolls
 l - a scroll of enchant weapon
 o - 2 scrolls of blinking
 s - 5 scrolls of teleportation
 t - a scroll of fog
 v - a scroll of holy word
 x - a scroll of silence
 y - 2 scrolls of amnesia
Potions
 d - 3 potions of might
 g - 2 potions of invisibility
 h - 3 potions of curing
 i - a potion of heal wounds
 n - a potion of brilliance
 r - a potion of mutation
 z - 2 potions of haste


   Skills:
 + Level 6.6(11.6) Fighting
 * Level 7.1(12.1) Long Blades
 * Level 9.0(14.0) Armour
 + Level 4.1(9.1) Dodging
 * Level 8.9(13.9) Shields
 + Level 4.4 Invocations
 + Level 3.6 Evocations


You had 9 spell levels left.
You didn't know any spells.
Your spell library contained the following spells:

 Spells                   Type           Power      Damage    Failure   Level
 Ensorcelled Hibernation  Hex/Ice        0%         N/A       91%         2
 Portal Projectile        Hex/Tloc       0%         N/A       99%         3
 Spider Form              Tmut/Pois      0%         N/A       99%         3
 Leda's Liquefaction      Hex/Erth       0%         N/A       100%        4
 Borgnjor's Vile Clutch   Necr/Erth      0%         N/A       100%        5
 Call Canine Familiar     Summ           Unusable   N/A       N/A         3
 Animate Dead             Necr           Unusable   N/A       N/A         4
 Death Channel            Necr           Unusable   N/A       N/A         6

Dungeon Overview and Level Annotations

Branches:
Dungeon (9/15)             Temple (1/1) D:6
   Lair: D:8-11         Orc: D:9-12

Altars:
Ashenzari
Cheibriados
Dithmenos
Elyvilon
Fedhas
Gozag
Hepliaklqana
Kikubaaqudgha
Makhleb
Nemelex Xobeh
Okawaru
Qazlal
Ru
Sif Muna
Trog
Uskayaw
Vehumet
Wu Jian
Xom
Yredelemnul
Zin
The Shining One


Innate Abilities, Weirdness & Mutations

You are immune to sickness and miasma.
Your stone body is resilient. (AC +7)
You are immune to poison.
You resist negative energy. (rN+)
You are resistant to electric shocks. (rElec)
You are resistant to unholy torment.
You are immune to petrification.


Message History

You slice the howler monkey zombie!!
Lightning courses through the howler monkey zombie!
You destroy the howler monkey zombie!
Okawaru accepts your kill. As you open the door, it creaks loudly!
You hear a roar!
A seven-headed hydra comes into view.
The seven-headed hydra roars!
There is an open door here.
Your +4 demon blade of electrocution stops crackling.
Your +2 short sword of flaming bursts into flame!
b - a +2 short sword of flaming (weapon)
You hit the seven-headed hydra. You burn the seven-headed hydra.
The seven-headed hydra is lightly wounded.
The seven-headed hydra bites you!
The seven-headed hydra bites you but does no damage. x3
The seven-headed hydra bites you.
The seven-headed hydra barely misses you.
The seven-headed hydra bites you but does no damage.
You hit the seven-headed hydra. You burn the seven-headed hydra.
The seven-headed hydra is lightly wounded.
You gain the combat prowess of a mighty hero.
The seven-headed hydra closely misses you.
The seven-headed hydra barely misses you.
The seven-headed hydra bites you but does no damage. x4
The seven-headed hydra bites you.
You hit the seven-headed hydra but do no damage.
The seven-headed hydra is lightly wounded.
You block the seven-headed hydra's attack.
The seven-headed hydra completely misses you.
You block the seven-headed hydra's attack.
The seven-headed hydra closely misses you.
You block the seven-headed hydra's attack.
The seven-headed hydra bites you! x2
* * * LOW HITPOINT WARNING * * *
You hit the seven-headed hydra. You burn the seven-headed hydra.
The seven-headed hydra is lightly wounded.
You block the seven-headed hydra's attack.
The seven-headed hydra bites you but does no damage.
The seven-headed hydra bites you!
You die...

.# .. .# #. #.#
#.###.. #.....D##
#@# #.# ##.#
#.### ##..##
..?.... #####.#
........ ##..)..#
.......#
#.#######.......#
##......##......#


You could see a seven-headed hydra.

Vanquished Creatures
  A two-headed ogre (D:9)
  2 cyclopes
  9 yaks
  2 steam dragons (D:8)
  2 acid dragons (D:8)
  A water moccasin (D:7)
  3 orc warriors
  A black bear (D:8)
  An ice beast (D:7)
  A necrophage (D:7)
  3 ogres
  A centaur (D:9)
  5 bullfrogs
  2 scorpions (D:4)
  2 water moccasin skeletons (D:5)
  4 killer bees (D:7)
  7 wights
  6 howler monkeys (D:9)
  A bullfrog zombie (D:6)
  2 centaur zombies (D:8)
  2 hounds
  A jelly (D:5)
  4 orc priests
  2 bullfrog skeletons (D:7)
  2 centaur skeletons (D:7)
  Jessica (D:3)
  Terence (D:3)
  3 iguanas
  6 orc wizards
  A scorpion zombie (D:5)
  A killer bee zombie (D:9)
  2 hound skeletons
  2 howler monkey zombies
  A howler monkey skeleton (D:5)
  7 adders
  2 shadow imps
  4 dart slugs
  22 orcs
  7 ball pythons
  9 bats
  11 endoplasms
  5 giant cockroaches
  9 goblins
  3 hobgoblins
  8 jackals
  5 kobolds
  4 quokkas
  4 frilled lizards
  11 rats
196 creatures vanquished.

Vanquished Creatures (others)
  An orc priest (D:7)
1 creature vanquished.

Grand Total: 197 creatures vanquished

Notes
Turn   | Place    | Note
-------+----------+-------------------------------------------
     0 | D:1      | timneilson the Gargoyle Fighter began the quest for the
                  | Orb.
     0 | D:1      | Reached XP level 1. HP: 14/14 MP: 1/1
   307 | D:1      | Reached XP level 2. HP: 14/19 MP: 2/2
   738 | D:1      | Reached XP level 3. HP: 23/23 MP: 3/3
  1438 | D:2      | Reached skill level 4 in Armour
  1622 | D:2      | Reached XP level 4. HP: 28/28 MP: 4/4
  2434 | D:3      | Noticed Jessica
  2449 | D:3      | Noticed Terence
  2451 | D:3      | Killed Jessica
  2452 | D:3      | Reached XP level 5. HP: 14/33 MP: 5/5
  2720 | D:3      | Killed Terence
  2721 | D:3      | Reached skill level 1 in Dodging
  3077 | D:3      | Reached XP level 6. HP: 31/38 MP: 6/6
  3305 | D:3      | Identified a scroll of acquirement
  3305 | D:3      | Acquired a +3 demon blade of draining
  3494 | D:4      | Reached skill level 5 in Armour
  3646 | D:4      | Reached skill level 5 in Shields
  3646 | D:4      | Reached XP level 7. HP: 43/43 MP: 7/7
  3788 | D:5      | Entered Level 5 of the Dungeon
  4234 | D:5      | Acquired the +3 warlock's mirror {reflect}
  4234 | D:5      | Found the +3 warlock's mirror {reflect}
  4444 | D:5      | Reached XP level 8. HP: 45/48 MP: 8/8
  5089 | D:6      | Noticed a yak
  5089 | D:6      | Noticed a yak
  5089 | D:6      | Noticed a yak
  5089 | D:6      | Noticed a yak
  5218 | D:6      | Found a staircase to the Ecumenical Temple.
  5224 | Temple   | Entered the Ecumenical Temple
  5307 | Temple   | Became a worshipper of Warmaster Okawaru
  5489 | D:6      | Reached skill level 6 in Armour
  5670 | D:6      | Found a broken altar of Ashenzari.
  5670 | D:6      | Found an opulent altar of Gozag.
  5793 | D:6      | Found a white marble altar of Elyvilon.
  6071 | D:6      | Noticed a yak
  6082 | D:6      | Killed a yak
  6083 | D:6      | Reached skill level 1 in Invocations
  6083 | D:6      | Reached skill level 1 in Evocations
  6087 | D:6      | Killed a yak
  6088 | D:6      | Reached skill level 5 in Fighting
  6091 | D:6      | Killed a yak
  6091 | D:6      | Reached * piety under Okawaru
  6092 | D:6      | Reached skill level 5 in Long Blades
  6103 | D:6      | Killed a yak
  6104 | D:6      | Reached XP level 9. HP: 26/54 MP: 10/10
  6105 | D:6      | Reached skill level 7 in Armour
  6511 | D:7      | Reached ** piety under Okawaru
  7014 | D:7      | Found a basalt altar of Yredelemnul.
  7016 | D:7      | Noticed a profane servitor
  7023 | D:7      | Found a glowing golden altar of the Shining One.
  7392 | D:8      | Reached *** piety under Okawaru
  7549 | D:8      | Reached skill level 8 in Armour
  7549 | D:8      | Reached XP level 10. HP: 52/60 MP: 12/12
  7592 | D:8      | Noticed a cyclops
  7598 | D:8      | Killed a cyclops
  7951 | D:8      | Found a sacrificial altar of Ru.
  8371 | D:8      | Found a shimmering altar of Xom.
  8669 | D:9      | Noticed a cyclops
  8679 | D:9      | Killed a cyclops
  8685 | D:9      | Reached **** piety under Okawaru
  8928 | D:9      | Noticed a two-headed ogre
  8936 | D:9      | Killed a two-headed ogre
  8972 | D:9      | Reached skill level 9 in Armour
  8984 | D:9      | Noticed a seven-headed hydra
  8992 | D:9      | Slain by a seven-headed hydra

Illustrated notes

Levels and vault maps discovered:
D:1:      wheals_arrival_linesprint, layout_loops_ring, minmay_tetromino_o4
D:2:      layout_loops_ring
D:3:      layout_basic, minmay_fractal_squares_5, uniq_jessica, uniq_terence
D:4:      layout_basic
D:5:      layout_basic, grunt_ministairs_8
D:6:      layout_basic, general_overflow_altar, gammafunk_temple_overflow_wave,
          minmay_temple_entry_fiery, serial_corexii_hall,
          corexii_hall_statues_t, chequers_hall_statues_corner_a,
          chequers_hall_statues_y
D:7:      layout_rooms, grunt_temple_overflow_holy_war, corexii_corridor_pit
D:8:      layout_loops_corners, tgw_xom, mainiacjoe_overflow_alcove_4
D:9:      minmay_the_grid_triangle_9x9_rhombus_full
          [minmay_the_grid_triangle_9x9_intruding_spiral,
          minmay_the_grid_triangle_9x9_zippers_vertical,
          minmay_the_grid_triangle_9x9_impossible_snake,
          minmay_the_grid_triangle_9x9_thin_v,
          minmay_the_grid_triangle_9x9_sparse_checkered,
          minmay_the_grid_triangle_9x9_shrine,
          minmay_the_grid_triangle_9x9_checkered,
          minmay_the_grid_triangle_9x9_prize_special], layout_irregular_city,
          uniq_grum, uniq_harold, uniq_joseph
Temple:   regret_index_temple_generic_petals

Skill      XL: |  1  2  3  4  5  6  7  8  9 10 |
---------------+-------------------------------+-----
Long Blades    | 2 3 4 5 6 7 |  7.1
Armour         | 4 5 6 8 9 |  9.0
Shields        | 4 5 6 7 8 |  8.9
Dodging        | 1 2 3 4 |  4.1
Fighting       | 4 5 6 |  6.6
Invocations    | 2 3 4 |  4.4
Evocations     | 1 2 3 |  3.6

Action                   |  1- 3 |  4- 6 |  7- 9 | 10-12 || total
-------------------------+-------+-------+-------+-------++-------
Melee: Long sword        |   138 |   160 |       |       ||   298
       Demon blade       |       |    27 |   230 |   113 ||   370
       Short sword       |       |       |       |     4 ||     4
Invok: Heroism           |       |       |       |     3 ||     3
  Use: Scroll            |     3 |     6 |     9 |     3 ||    21
       Potion            |       |       |     1 |       ||     1
Armor: Scale mail        |    64 |    17 |       |       ||    81
       Chain mail        |       |    49 |    79 |    52 ||   180
Dodge: Dodged            |    84 |   113 |    87 |    66 ||   350
Block: Buckler           |    28 |    34 |    75 |    50 ||   187
       Reflection        |       |       |     4 |       ||     4

Table legend: (Time is in decaauts)
 A = Elapsed time spent in this place.
 B = Non-inter-level travel time spent in this place.
 C = Inter-level travel time spent in this place.
 D = Time resting spent in this place.
 E = Time spent auto-exploring this place.
 F = Levels seen in this place.
 G = Mean time per level.
                   A        B        C        D        E       F      G
               +--------+--------+--------+--------+--------+-----+--------+
         Total |   9085 |   8725 |    360 |    375 |   6672 |  10 |  908.5 |
       Dungeon |   8855 |   8517 |    338 |    375 |   6483 |   9 |  983.9 |
        Temple |    229 |    207 |     22 |      0 |    189 |   1 |  229.0 |
               +--------+--------+--------+--------+--------+-----+--------+

Top non-repeatable levels by time:
     D:2: 1411 daAuts
     D:8: 1359 daAuts
     D:5: 1279 daAuts
     D:1: 1177 daAuts
     D:6: 1095 daAuts
     D:3: 831 daAuts
     D:7: 822 daAuts
     D:4: 458 daAuts
     D:9: 419 daAuts
  Temple: 229 daAuts
